 Dungeon Crawl Stone Soup version 0.27.1-3-gb3d3a73c9e (webtiles) character file.

Game seed: 15012343463455055787

4 Atelerd the Firebug (level 1, -1/11 HPs)
             Began as an Octopode Fire Elementalist on Oct 10, 2021.
             Slain by a hobgoblin (7 damage)
             ... on level 2 of the Dungeon.
             The game lasted 00:00:57 (547 turns).

Atelerd the Firebug (Octopode Fire Elementalist)     Turns: 547, Time: 00:00:57

Health: -1/11      AC:  1    Str:  7    XL:     1   Next: 70%
Magic:  1/3        EV: 13    Int: 17    God:
Gold:   15         SH:  0    Dex: 12    Spells: 3/4 levels left

rFire    . . .     SeeInvis .   a - staff of death
rCold    . . .     Faith    .   (no shield)
rNeg     + . .     Spirit   .   (helmet restricted)
rPois    .         Reflect  .   (no amulet)
rElec    .         Harm     .   (no ring)
rCorr    .         Rampage  .   (no ring)
Will     .....                  (no ring)
Stlth    +++.......             (no ring)
HPRegen  0.03/turn              (no ring)
MPRegen  0.08/turn              (no ring)
                                (no ring)
                                (no ring)

@: no status effects
A: almost no armour, amphibious, 8 rings, camouflage 1, gelatinous body 1,
(nimble swimmer 1), tentacles
a: no special abilities


You were on level 2 of the Dungeon.
You visited 1 branch of the dungeon, and saw 2 of its levels.

You collected 15 gold pieces.

Inventory:

Missiles
 c - a throwing net
Magical Staves
 a - a staff of death (weapon)
Scrolls
 b - a scroll of blinking {unknown}


   Skills:
 - Level 2.0 Dodging
 + Level 2.8 Stealth
 + Level 2.0 Spellcasting
 + Level 1.1 Conjurations
 * Level 3.1 Fire Magic


You had 3 spell levels left.
You knew the following spells:

 Your Spells              Type           Power      Damage    Failure   Level
a - Foxfire               Conj/Fire      36%        2x1d5     9%          1

Your spell library contained the following spells:

 Spells                   Type           Power      Damage    Failure   Level
 Conjure Flame            Conj/Fire      9%         6-21      24%         3
 Inner Flame              Hex/Fire       7%         N/A       30%         3
 Sticky Flame             Conj/Fire      9%         2d3       63%         4
 Fireball                 Conj/Fire      4%         3d4       92%         5


Dungeon Overview and Level Annotations

Branches:
Dungeon (1/15)

Altars:


Innate Abilities, Weirdness & Mutations

You cannot wear most types of armour.
You are amphibious.
You can wear up to eight rings at the same time.
Your skin changes colour to match your surroundings (Stealth+).
Your rubbery body absorbs attacks. (AC +1, EV +1)
((You are camouflaged near water. (Stealth+)))
You have tentacles for arms and can constrict up to eight enemies at once.


Message History

An endoplasm comes into view.
An endoplasm is nearby!
An endoplasm is nearby!
You conjure some foxfire!
You conjure some foxfire!
The foxfire hits the endoplasm but does no damage.
Your foxfire dissipates!
Your foxfire dissipates!
You conjure some foxfire!
You are too depleted to draw on your mana recklessly!
The foxfire hits the endoplasm.
The endoplasm is severely wounded.
The foxfire hits the endoplasm.
The endoplasm is almost dead.
A hobgoblin comes into view. It is wielding a staff of air.
You are too depleted to draw on your mana recklessly!
You are too depleted to draw on your mana recklessly!
The endoplasm closely misses you.
You hit the endoplasm.
You kill the endoplasm!
No target in view!
No target in view!
No target in view!
You start resting.
Magic restored.
You start waiting.
A hobgoblin is nearby!
A hobgoblin is nearby!
A hobgoblin is nearby!
A hobgoblin is nearby!
The hobgoblin shouts!
You conjure some foxfire!
The foxfire hits the hobgoblin but does no damage.
The foxfire hits the hobgoblin.
The hobgoblin is severely wounded.
The hobgoblin hits you with a staff of air.
You conjure some foxfire!
The hobgoblin hits you with a staff of air!
Ouch! That really hurt!
You die...

....J§...# ###..# ###
###....#######.##
#...............#
#.#.....######.##
###.##.....# #.#
#.#....§#...######.###
#.....§v§§.###.......###
.......@##.# #.###......
###...gv##.# #.# #.#.##.
#.....##'# #.# #....#.
...######...##.# #.#..#.
## ##.....#.# #.#..#.
##........###......
###...g............##
.'..................
#.........####...##


You could see a hobgoblin (ally target).

Vanquished Creatures
  2 endoplasms
  A jackal (D:1)
  A frilled lizard (D:1)
4 creatures vanquished.

Vanquished Creatures (others)
  18 foxfires
18 creatures vanquished.

Grand Total: 22 creatures vanquished

Notes
Turn   | Place    | Note
-------+----------+-------------------------------------------
     0 | D:1      | Atelerd the Octopode Fire Elementalist began the quest for
                  | the Orb.
     0 | D:1      | Reached XP level 1. HP: 11/11 MP: 3/3
   274 | D:1      | You fall into a shaft and drop 1 floor!
   547 | D:2      | Slain by a hobgoblin

Illustrated notes

Levels and vault maps discovered:
D:1:      enne_arrival_octagon_isle, layout_loops_cross, item_on_display_a
D:2:      layout_loops_corners, grunt_ministairs_4, minmay_hexomino_f4,
          uniq_jessica, uniq_crazy_yiuf_cottage

Action                   || total
-------------------------++-------
Melee: Staff             ||     4
       Tentacles         ||     1
 Cast: Foxfire           ||    13
Dodge: Dodged            ||    14
